Carnivores vs Blackdemons
(R2)
Created - 31 mars 2013 at 22:05
Goals
|
| Carnivores |
0 |
3 |
1 |
4 |
| Blackdemons |
0 |
1 |
0 |
1 |
|
Shots
|
| Carnivores |
6 |
10 |
8 |
24 |
| Blackdemons |
7 |
10 |
11 |
28 |
|
1st period
No Goal
Penalties :
Blake Geoffrion (Bre) for Interference (Minor) at 0:26, James Neal (MJM) for Tripping (Minor) at 4:30, Andrew Ference (Bre) for Hooking (Minor) at 6:52, Marc-André Cliche (MJM) for Hooking (Minor) at 14:08, Mikael Backlund (Bre) for Holding (Minor) at 17:24
2nd period
1. Carnivores , Manny Malhotra 10 (Mikael Backlund, Chris Butler) at 11:15
2. Carnivores , Chris Lawrence 2 (Alexei Zhitnik, Blake Geoffrion) at 12:04
3. Blackdemons , Todd Fedoruk 9 (Nathan Paetsch, Enver Lisin) at 15:06
4. Carnivores , Jeff Friesen 23 (Andy Miele) at 17:40 (SH)
Penalties :
Steve Mason (Bre) for Slashing (Minor) at 1:12 - Andrew Ference served the penalty, Bobby Sanguinetti (Bre) for High sticking (Minor) at 5:56, Mikael Backlund (Bre) for Roughing (Minor) at 16:53
3rd period
5. Carnivores , Blake Geoffrion 8 (Keith Aulie, Alexei Zhitnik) at 0:35
Penalties :
Trevor Letowski (MJM) for Hooking (Minor) at 3:55, Enver Lisin (MJM) for Roughing (Double Minor) at 7:14, Jeff Friesen (Bre) for Tripping (Minor) at 8:37, Chris Lawrence (Bre) for Hooking (Minor) at 12:04, Zack Hamill (MJM) for Tripping (Minor) at 18:25, Matt Hunwick (MJM) for Interference (Minor) at 19:56, Andy Miele (Bre) for Tripping (Minor) at 19:56
Goalie Stats
Steve Mason (Bre), 27 saves from 28 shots - (0,964), W, 7-7-5, 60:00 minutes
Michal Neuvirth (MJM), 13 saves from 17 shots - (0,765), L, 17-17-4, 40:35 minutes
Manny Fernandez (MJM), 7 saves from 7 shots - (1,000), 19:25 minutes
Players Stats for Carnivores
Player Name G A P +/- PIM S H SB GA TA FO MP PP MP PK MP
------------------------------------------------------------------------------------
Alexei Zhitnik 0 2 2 3 0 8 3 1 1 2 0/0 27:27 5:23 6:57
Andrew Ference 0 0 0 0 2 0 3 0 3 1 0/0 22:03 4:05 4:54
Andy Miele 0 1 1 1 2 2 2 1 0 0 1/1 23:30 4:38 6:32
Blake Geoffrion 1 1 2 2 2 4 1 0 0 0 0/0 14:17 5:38 0:25
Bobby Sanguinetti 0 0 0 0 2 1 0 0 0 0 0/0 15:58 4:05 1:32
Cal O'Reilly 0 0 0 0 0 0 0 0 0 0 2/5 10:22 0:16 0:14
Chris Butler 0 1 1 0 0 0 1 2 0 1 0/0 11:06 0:00 0:48
Chris Lawrence 1 0 1 0 2 1 4 0 0 0 0/0 10:47 0:37 0:00
David Van Der Gulik 0 0 0 0 0 2 1 0 0 0 1/2 11:26 1:10 0:00
Evgeny Dadonov 0 0 0 2 0 1 1 0 0 0 0/0 12:11 3:50 0:00
Jeff Friesen 1 0 1 1 2 2 0 0 1 0 6/10 21:46 3:27 6:40
Jeremy Welsh 0 0 0 0 0 0 1 0 0 0 0/0 6:36 0:22 0:25
Keith Aulie 0 1 1 2 0 0 0 2 0 1 0/0 28:10 5:23 6:51
Kyle Wilson 0 0 0 0 0 0 0 0 0 0 2/2 4:55 0:00 0:00
Manny Malhotra 1 0 1 2 0 2 3 1 0 0 4/8 19:00 3:50 6:45
Mikael Backlund 0 1 1 0 4 1 1 1 0 0 9/25 16:52 4:34 0:00
Phil Oreskovic 0 0 0 1 0 0 1 1 0 0 0/0 15:54 0:00 6:44
Tim Conboy 0 0 0 0 0 0 2 1 1 0 0/0 11:37 0:00 6:45
Players Stats for Blackdemons
Player Name G A P +/- PIM S H SB GA TA FO MP PP MP PK MP
------------------------------------------------------------------------------------
Barry Tallackson 0 0 0 -1 0 0 0 1 0 1 0/0 10:13 0:16 1:41
Ben Walter 0 0 0 0 0 0 0 0 0 0 0/0 0:09 0:00 0:09
Curtis Glencross 0 0 0 0 0 4 1 0 2 0 0/1 23:55 7:34 4:58
David Fischer 0 0 0 0 0 0 0 0 0 0 0/0 0:00 0:00 0:00
Enver Lisin 0 1 1 -1 4 1 1 1 0 0 1/1 15:37 5:55 0:00
Frazer Mclaren 0 0 0 0 0 0 0 0 0 0 0/0 0:00 0:00 0:00
Jakub Kindl 0 0 0 -1 0 0 1 0 0 1 0/0 7:57 0:00 0:29
James Neal 0 0 0 -1 2 2 0 0 0 1 0/0 10:32 0:24 1:34
Ladislav Smid 0 0 0 0 0 3 3 0 1 0 0/0 27:41 9:17 6:09
Marc-André Cliche 0 0 0 -1 2 0 0 0 0 0 1/1 6:13 0:00 0:00
Mathieu Biron 0 0 0 -2 0 0 0 2 0 0 0/0 20:27 4:36 2:53
Matt Hunwick 0 0 0 -2 2 2 2 3 0 1 0/0 20:26 4:36 2:52
Maxime Macenauer 0 0 0 0 0 0 0 0 0 0 0/0 0:00 0:00 0:00
Michael Peca 0 0 0 0 0 9 2 1 1 2 21/38 24:19 7:42 5:08
Mike Duco 0 0 0 0 0 0 0 0 0 0 0/0 0:00 0:00 0:00
Nathan Paetsch 0 1 1 0 0 4 1 0 0 0 0/0 27:41 9:17 6:09
Nikita Nikitin 0 0 0 0 0 0 0 0 0 0 0/0 3:55 0:00 0:00
Peter Harrold 0 0 0 -1 0 0 0 0 0 0 0/0 7:57 0:00 0:29
Raphael Diaz 0 0 0 0 0 0 0 0 0 0 0/0 3:55 0:00 0:00
Sam Gagner 0 0 0 -1 0 0 0 0 0 0 1/3 7:20 0:00 0:00
Steve Konowalchuk 0 0 0 -1 0 0 0 0 0 0 0/0 8:13 0:24 0:17
Todd Fedoruk 1 0 1 -1 0 2 4 0 0 0 0/0 18:48 5:55 2:36
Tomas Kopecky 0 0 0 0 0 1 0 0 1 0 2/3 21:41 7:34 2:36
Trevor Letowski 0 0 0 -1 2 0 0 0 0 0 0/0 6:14 0:00 0:00
Zack Hamill 0 0 0 -1 2 0 2 1 0 0 2/6 15:08 5:55 0:00
3 Stars
1 - Alexei Zhitnik (Bre)
2 - Steve Mason (Bre)
3 - Manny Malhotra (Bre)
Power Play
Carnivores - 0 on 6 Attempt(s) - 0,00%
Blackdemons - 0 on 8 Attempt(s) - 0,00%
Penalty Kill
Carnivores - 8 on 8 Attempt(s) - 100,00%
- Score 1 goal in Penalty Kill
Blackdemons - 6 on 6 Attempt(s) - 100,00%
- Score 0 goal in Penalty Kill
Official
Referees : Pochmara Brian and Kowal Tom
Linesman : Andy McElman and Mark Wheler
Game Notes
Manny Fernandez enters game at 0:35 of 3rd period
Carnivores
5 vs 5 Forward
Center Left Wing Right Wing Time % Phy DF OF
1 Mikael Backlund Jeff Friesen Andy Miele 40 1 1 3
2 Manny Malhotra Blake Geoffrion Evgeny Dadonov 30 1 1 3
3 Cal O'Reilly David Van Der Gulik Chris Lawrence 20 1 2 2
4 Kyle Wilson Jeremy Welsh Tim Conboy 10 1 2 2
5 vs 5 Defense
Defense Defense Time % Phy DF OF
1 Alexei Zhitnik Keith Aulie 40 1 2 2
2 Andrew Ference Bobby Sanguinetti 30 1 2 2
3 Chris Butler Phil Oreskovic 20 1 2 2
4 Andrew Ference Keith Aulie 10 0 2 3
PowerPlay Forward
Center Left Wing Right Wing Time % Phy DF OF
1 Mikael Backlund Blake Geoffrion Andy Miele 60 0 1 4
2 Manny Malhotra Jeff Friesen Evgeny Dadonov 40 0 1 4
PowerPlay Defense
Defense Defense Time % Phy DF OF
1 Alexei Zhitnik Keith Aulie 60 0 2 3
2 Bobby Sanguinetti Andrew Ference 40 0 2 3
Penalty Kill 4 Players Forward
Center Wing Time % Phy DF OF
1 Jeff Friesen Andy Miele 50 1 3 1
2 Manny Malhotra Tim Conboy 50 1 3 1
Penalty Kill 4 Players Defense
Defense Defense Time % Phy DF OF
1 Alexei Zhitnik Phil Oreskovic 50 1 3 1
2 Andrew Ference Keith Aulie 50 1 3 1
Penalty Kill - 3 Players Forward
Forward Time % Phy DF OF
1 Jeff Friesen 50 1 3 1
2 Andy Miele 50 1 3 1
Penalty Kill - 3 Players Defense
Defense Defense Time % Phy DF OF
1 Alexei Zhitnik Phil Oreskovic 50 1 3 1
2 Andrew Ference Keith Aulie 50 1 3 1
4 vs 4 Forward
Center Wing Time % Phy DF OF
1 Manny Malhotra Evgeny Dadonov 50 1 1 3
2 Mikael Backlund Andy Miele 50 1 1 3
4 vs 4 Defense
Defense Defense Time % Phy DF OF
1 Alexei Zhitnik Keith Aulie 50 1 2 2
2 Andrew Ference Bobby Sanguinetti 50 1 2 2
Last Minutes Offensive
Center Left Wing Right Wing Defense Defense
Mikael Backlund Jeff Friesen Andy Miele Alexei Zhitnik Keith Aulie
Last Minutes Defensive
Center Left Wing Right Wing Defense Defense
Mikael Backlund Jeff Friesen Andy Miele Alexei Zhitnik Keith Aulie
Goaltenders
Starting : Steve Mason
Backup : Josh Tordjman
Extra Forwards
Normal : Jeff Friesen, David Van Der Gulik, Andy Miele - PP : David Van Der Gulik, Jeff Friesen - PK : Blake Geoffrion
Extra Defensemen
Normal : Phil Oreskovic, Keith Aulie, Alexei Zhitnik - PP : Phil Oreskovic - PK : Bobby Sanguinetti, Chris Butler
Penalty Shots
Jeff Friesen, Evgeny Dadonov, Andy Miele, David Van Der Gulik, Blake Geoffrion
Blackdemons
5 vs 5 Forward
Center Left Wing Right Wing Time % Phy DF OF
1 Michael Peca Curtis Glencross Tomas Kopecky 40 1 2 2
2 Zack Hamill Todd Fedoruk Enver Lisin 30 1 2 2
3 Sam Gagner James Neal Barry Tallackson 20 1 2 2
4 Marc-André Cliche Steve Konowalchuk Trevor Letowski 10 1 2 2
5 vs 5 Defense
Defense Defense Time % Phy DF OF
1 Ladislav Smid Nathan Paetsch 40 1 2 2
2 Matt Hunwick Mathieu Biron 30 1 2 2
3 Jakub Kindl Peter Harrold 20 1 2 2
4 Raphael Diaz Nikita Nikitin 10 1 2 2
PowerPlay Forward
Center Left Wing Right Wing Time % Phy DF OF
1 Michael Peca Curtis Glencross Tomas Kopecky 60 1 2 2
2 Zack Hamill Todd Fedoruk Enver Lisin 40 1 2 2
PowerPlay Defense
Defense Defense Time % Phy DF OF
1 Ladislav Smid Nathan Paetsch 60 1 2 2
2 Matt Hunwick Mathieu Biron 40 1 2 2
Penalty Kill 4 Players Forward
Center Wing Time % Phy DF OF
1 Michael Peca Curtis Glencross 60 1 2 2
2 Tomas Kopecky Todd Fedoruk 40 1 2 2
Penalty Kill 4 Players Defense
Defense Defense Time % Phy DF OF
1 Ladislav Smid Nathan Paetsch 60 1 2 2
2 Matt Hunwick Mathieu Biron 40 1 2 2
Penalty Kill - 3 Players Forward
Forward Time % Phy DF OF
1 Michael Peca 60 1 2 2
2 Curtis Glencross 40 1 2 2
Penalty Kill - 3 Players Defense
Defense Defense Time % Phy DF OF
1 Ladislav Smid Nathan Paetsch 60 1 2 2
2 Matt Hunwick Mathieu Biron 40 1 2 2
4 vs 4 Forward
Center Wing Time % Phy DF OF
1 Michael Peca Curtis Glencross 60 1 2 2
2 Tomas Kopecky Todd Fedoruk 40 1 2 2
4 vs 4 Defense
Defense Defense Time % Phy DF OF
1 Ladislav Smid Nathan Paetsch 60 1 2 2
2 Matt Hunwick Mathieu Biron 40 1 2 2
Last Minutes Offensive
Center Left Wing Right Wing Defense Defense
Michael Peca Curtis Glencross Tomas Kopecky Ladislav Smid Nathan Paetsch
Last Minutes Defensive
Center Left Wing Right Wing Defense Defense
Michael Peca Curtis Glencross Tomas Kopecky Ladislav Smid Nathan Paetsch
Goaltenders
Starting : Michal Neuvirth
Backup : Manny Fernandez
Extra Forwards
Normal : James Neal, Steve Konowalchuk, Barry Tallackson - PP : James Neal, Steve Konowalchuk - PK : Barry Tallackson
Extra Defensemen
Normal : Jakub Kindl, Peter Harrold, Raphael Diaz - PP : Jakub Kindl - PK : Peter Harrold, Raphael Diaz
Penalty Shots
Michael Peca, Curtis Glencross, Tomas Kopecky, Todd Fedoruk, James Neal
% Time on Ice - Carnivores
Lines # - Real PCT - Wanted PCT - Time Play
Normal Forward
1 - 35% - 40% - 12:10
2 - 22% - 30% - 7:40
3 - 29% - 20% - 9:52
4 - 14% - 10% - 4:55
Normal Defense
1 - 38% - 40% - 13:12
2 - 32% - 30% - 11:09
3 - 26% - 20% - 9:07
4 - 3% - 10% - 1:09
PP Forward
1 - 56% - 60% - 5:16
2 - 44% - 40% - 4:12
PP Defense
1 - 57% - 60% - 5:23
2 - 43% - 40% - 4:05
PK Forward
1 - 49% - 50% - 6:46
2 - 51% - 50% - 7:07
PK Defense
1 - 48% - 50% - 6:44
2 - 52% - 50% - 7:09
PK3 Forward
1 - 0% - 50%
2 - 0% - 50%
PK3 Defense
1 - 0% - 50%
2 - 0% - 50%
44 Forward
1 - 51% - 50% - 1:02
2 - 49% - 50% - 1:00
44 Defense
1 - 46% - 50% - 0:56
2 - 54% - 50% - 1:06
Last Minute Offensive - 0:00
Last Minute Defensive - 0:00
Total
Forward - 60:00
Defense - 60:00
|
% Time on Ice - Blackdemons
Lines # - Real PCT - Wanted PCT - Time Play
Normal Forward
1 - 33% - 40% - 11:21
2 - 28% - 30% - 9:43
3 - 21% - 20% - 7:20
4 - 18% - 10% - 6:13
Normal Defense
1 - 33% - 40% - 11:24
2 - 34% - 30% - 11:52
3 - 21% - 20% - 7:26
4 - 11% - 10% - 3:55
PP Forward
1 - 57% - 60% - 7:58
2 - 43% - 40% - 5:55
PP Defense
1 - 67% - 60% - 9:17
2 - 33% - 40% - 4:36
PK Forward
1 - 73% - 60% - 6:52
2 - 27% - 40% - 2:36
PK Defense
1 - 70% - 60% - 6:35
2 - 30% - 40% - 2:53
PK3 Forward
1 - 100% - 60% - 0:03
2 - 0% - 40% - 0:00
PK3 Defense
1 - 100% - 60% - 0:03
2 - 0% - 40% - 0:00
44 Forward
1 - 71% - 60% - 1:25
2 - 29% - 40% - 0:34
44 Defense
1 - 45% - 60% - 0:53
2 - 55% - 40% - 1:06
Last Minute Offensive - 0:00
Last Minute Defensive - 0:00
Total
Forward - 60:00
Defense - 60:00
|
Play by Play
1st period
0:01 of 1st period - Michael Peca wins face-off versus Mikael Backlund in neutral zone.
0:16 of 1st period - Snap shot by Tomas Kopecky.
0:16 of 1st period - Deflect By Michael Peca.
0:16 of 1st period - Shot Blocked by Keith Aulie.
0:16 of 1st period - Puck is out of play.
0:17 of 1st period - Manny Malhotra wins face-off versus Zack Hamill in Carnivores zone.
0:26 of 1st period - Minor Penalty to Blake Geoffrion for Interference.
0:27 of 1st period - Michael Peca wins face-off versus Jeff Friesen in Carnivores zone.
1:05 of 1st period - Slapshot by Andrew Ference.
1:05 of 1st period - Shot Blocked by Enver Lisin.
2:23 of 1st period - Keith Aulie is hit by Ladislav Smid and loses puck.
2:26 of 1st period - Penalty to Blake Geoffrion is over, Blake Geoffrion is back on ice.
2:28 of 1st period - Backhand shot by James Neal.
2:28 of 1st period - Stopped by Steve Mason with a rebound.
3:00 of 1st period - Jakub Kindl is hit by Andy Miele and loses puck.
3:17 of 1st period - Zack Hamill is hit by Chris Lawrence and loses puck.
3:36 of 1st period - Raphael Diaz is hit by Blake Geoffrion and loses puck.
3:51 of 1st period - Wrist shot by Enver Lisin.
3:51 of 1st period - Stopped by Steve Mason with a rebound.
3:55 of 1st period - Wrist shot by Enver Lisin.
3:55 of 1st period - Deflect By Todd Fedoruk.
3:55 of 1st period - Shot Misses the Net.
3:55 of 1st period - Puck is out of play.
3:56 of 1st period - Mikael Backlund wins face-off versus Michael Peca in Carnivores zone.
4:07 of 1st period - Wrist shot by Michael Peca.
4:07 of 1st period - Stopped by Steve Mason without a rebound.
4:08 of 1st period - Manny Malhotra wins face-off versus Michael Peca in Carnivores zone.
4:19 of 1st period - Slapshot by Michael Peca.
4:19 of 1st period - Stopped by Steve Mason with a rebound.
4:30 of 1st period - Minor Penalty to James Neal for Tripping.
4:31 of 1st period - Mikael Backlund wins face-off versus Michael Peca in Blackdemons zone.
4:32 of 1st period - Snap shot by Andy Miele.
4:32 of 1st period - Shot Misses the Net.
4:34 of 1st period - Snap shot by Alexei Zhitnik.
4:34 of 1st period - Stopped by Michal Neuvirth without a rebound.
4:35 of 1st period - Michael Peca wins face-off versus Mikael Backlund in Blackdemons zone.
5:06 of 1st period - Snap shot by Manny Malhotra.
5:06 of 1st period - Stopped by Michal Neuvirth without a rebound.
5:07 of 1st period - Tomas Kopecky wins face-off versus Manny Malhotra in Blackdemons zone.
5:18 of 1st period - Slapshot by Michael Peca.
5:18 of 1st period - Shot Misses the Net.
5:41 of 1st period - Andy Miele is hit by Todd Fedoruk and loses puck.
6:14 of 1st period - Curtis Glencross is hit by Manny Malhotra and loses puck.
6:30 of 1st period - Penalty to James Neal is over, James Neal is back on ice.
6:52 of 1st period - Minor Penalty to Andrew Ference for Hooking.
6:53 of 1st period - Michael Peca wins face-off versus Jeff Friesen in Carnivores zone.
7:22 of 1st period - Wrist shot by Jeff Friesen.
7:22 of 1st period - Stopped by Michal Neuvirth with a rebound.
7:38 of 1st period - Curtis Glencross is hit by Phil Oreskovic and loses puck.
8:27 of 1st period - Andy Miele is hit by Michael Peca and loses puck.
8:52 of 1st period - Penalty to Andrew Ference is over, Andrew Ference is back on ice.
9:03 of 1st period - Slapshot by Alexei Zhitnik.
9:03 of 1st period - Shot Misses the Net.
9:05 of 1st period - Slapshot by Alexei Zhitnik.
9:05 of 1st period - Shot Misses the Net.
9:07 of 1st period - Slapshot by Alexei Zhitnik.
9:07 of 1st period - Shot Misses the Net.
9:09 of 1st period - Wrist shot by Blake Geoffrion.
9:09 of 1st period - Shot Blocked by Mathieu Biron.
9:11 of 1st period - Slapshot by Alexei Zhitnik.
9:11 of 1st period - Shot Blocked by Mathieu Biron.
9:13 of 1st period - Slapshot by Alexei Zhitnik.
9:13 of 1st period - Shot Blocked by Matt Hunwick.
9:15 of 1st period - Snap shot by Andrew Ference.
9:15 of 1st period - Shot Misses the Net.
9:17 of 1st period - Snap shot by Jeremy Welsh.
9:17 of 1st period - Shot Misses the Net.
9:19 of 1st period - Slapshot by Bobby Sanguinetti.
9:19 of 1st period - Shot Blocked by Barry Tallackson.
9:21 of 1st period - Slapshot by Alexei Zhitnik.
9:21 of 1st period - Shot Misses the Net.
9:23 of 1st period - Slapshot by Bobby Sanguinetti.
9:23 of 1st period - Deflect By Blake Geoffrion.
9:23 of 1st period - Stopped by Michal Neuvirth without a rebound.
9:24 of 1st period - Zack Hamill wins face-off versus Cal O'Reilly in Blackdemons zone.
11:06 of 1st period - Snap shot by Michael Peca.
11:06 of 1st period - Stopped by Steve Mason without a rebound.
11:07 of 1st period - Mikael Backlund wins face-off versus Curtis Glencross in Carnivores zone.
11:32 of 1st period - Blake Geoffrion is hit by Enver Lisin and loses puck.
11:41 of 1st period - Wrist shot by Enver Lisin.
11:41 of 1st period - Shot Misses the Net.
11:59 of 1st period - Manny Malhotra is hit by Todd Fedoruk and loses puck.
12:08 of 1st period - Mathieu Biron is hit by Evgeny Dadonov and loses puck.
12:17 of 1st period - Snap shot by Evgeny Dadonov.
12:17 of 1st period - Shot Blocked by Matt Hunwick.
12:19 of 1st period - Snap shot by Manny Malhotra.
12:19 of 1st period - Shot Misses the Net.
12:36 of 1st period - Icing by Mathieu Biron.
12:37 of 1st period - Zack Hamill wins face-off versus Mikael Backlund in Blackdemons zone.
13:18 of 1st period - Snap shot by Todd Fedoruk.
13:18 of 1st period - Shot Misses the Net.
13:20 of 1st period - Wrist shot by Enver Lisin.
13:20 of 1st period - Shot Blocked by Tim Conboy.
13:22 of 1st period - Snap shot by Enver Lisin.
13:22 of 1st period - Shot Hit the Post.
13:24 of 1st period - Snap shot by Matt Hunwick.
13:24 of 1st period - Stopped by Steve Mason without a rebound.
13:25 of 1st period - Tomas Kopecky wins face-off versus Mikael Backlund in Carnivores zone.
13:40 of 1st period - Alexei Zhitnik is hit by Michael Peca.
14:08 of 1st period - Minor Penalty to Marc-André Cliche for Hooking.
14:09 of 1st period - Michael Peca wins face-off versus Mikael Backlund in Blackdemons zone.
14:20 of 1st period - Snap shot by Michael Peca.
14:20 of 1st period - Stopped by Steve Mason without a rebound.
14:21 of 1st period - Michael Peca wins face-off versus Mikael Backlund in Carnivores zone.
14:47 of 1st period - Nathan Paetsch is hit by Manny Malhotra and loses puck.
15:12 of 1st period - Curtis Glencross is hit by Andrew Ference.
16:08 of 1st period - Penalty to Marc-André Cliche is over, Marc-André Cliche is back on ice.
16:28 of 1st period - Snap shot by Enver Lisin.
16:28 of 1st period - Shot Misses the Net.
16:47 of 1st period - Off-side.
16:48 of 1st period - Kyle Wilson wins face-off versus Michael Peca in neutral zone.
17:21 of 1st period - Snap shot by Cal O'Reilly.
17:21 of 1st period - Deflect By David Van Der Gulik.
17:21 of 1st period - Stopped by Michal Neuvirth without a rebound.
17:22 of 1st period - Michael Peca wins face-off versus Mikael Backlund in Blackdemons zone.
17:24 of 1st period - Minor Penalty to Mikael Backlund for Holding.
17:25 of 1st period - Michael Peca wins face-off versus Jeff Friesen in Carnivores zone.
17:30 of 1st period - Wrist shot by Tomas Kopecky.
17:30 of 1st period - Deflect By Michael Peca.
17:30 of 1st period - Shot Misses the Net.
17:30 of 1st period - Puck is out of play.
17:31 of 1st period - Jeff Friesen wins face-off versus Michael Peca in Carnivores zone.
17:40 of 1st period - Snap shot by Nathan Paetsch.
17:40 of 1st period - Shot Blocked by Phil Oreskovic.
17:42 of 1st period - Snap shot by Nathan Paetsch.
17:42 of 1st period - Shot Misses the Net.
17:44 of 1st period - Snap shot by Michael Peca.
17:44 of 1st period - Shot Blocked by Manny Malhotra.
17:46 of 1st period - Wrist shot by Tomas Kopecky.
17:46 of 1st period - Shot Blocked by Alexei Zhitnik.
19:24 of 1st period - Penalty to Mikael Backlund is over, Mikael Backlund is back on ice.
19:37 of 1st period - Slapshot by Mikael Backlund.
19:37 of 1st period - Stopped by Michal Neuvirth without a rebound.
19:38 of 1st period - Cal O'Reilly wins face-off versus Sam Gagner in Blackdemons zone.
19:39 of 1st period - Snap shot by David Van Der Gulik.
19:39 of 1st period - Shot Misses the Net.
2nd period
0:01 of 2nd period - Mikael Backlund wins face-off versus Michael Peca in neutral zone.
1:10 of 2nd period - Wrist shot by Curtis Glencross.
1:10 of 2nd period - Shot Misses the Net.
1:12 of 2nd period - Snap shot by Curtis Glencross.
1:12 of 2nd period - Stopped by Steve Mason without a rebound.
1:12 of 2nd period - Minor Penalty to Steve Mason for Slashing.
1:13 of 2nd period - Michael Peca wins face-off versus Manny Malhotra in Carnivores zone.
3:08 of 2nd period - Slapshot by Alexei Zhitnik.
3:08 of 2nd period - Stopped by Michal Neuvirth with a rebound.
3:12 of 2nd period - Penalty to Andrew Ference is over, Andrew Ference is back on ice.
3:14 of 2nd period - Alexei Zhitnik is hit by Ladislav Smid and loses puck.
3:35 of 2nd period - Slapshot by Alexei Zhitnik.
3:35 of 2nd period - Stopped by Michal Neuvirth with a rebound.
3:45 of 2nd period - Manny Malhotra is hit by Jakub Kindl and loses puck.
4:09 of 2nd period - Barry Tallackson is hit by Tim Conboy and loses puck.
4:24 of 2nd period - Curtis Glencross is hit by David Van Der Gulik and loses puck.
4:54 of 2nd period - Matt Hunwick is hit by Andy Miele and loses puck.
5:56 of 2nd period - Minor Penalty to Bobby Sanguinetti for High sticking.
5:57 of 2nd period - Jeff Friesen wins face-off versus Michael Peca in Carnivores zone.
6:45 of 2nd period - Michael Peca is hit by Tim Conboy and loses puck.
7:56 of 2nd period - Penalty to Bobby Sanguinetti is over, Bobby Sanguinetti is back on ice.
8:08 of 2nd period - James Neal is hit by Chris Lawrence and loses puck.
9:41 of 2nd period - Marc-André Cliche is hit by Jeremy Welsh and loses puck.
10:34 of 2nd period - Wrist shot by Kyle Wilson.
10:34 of 2nd period - Shot Misses the Net.
10:36 of 2nd period - Slapshot by Alexei Zhitnik.
10:36 of 2nd period - Stopped by Michal Neuvirth with a rebound.
10:48 of 2nd period - Jeff Friesen is hit by Zack Hamill and loses puck.
10:53 of 2nd period - Wrist shot by Enver Lisin.
10:53 of 2nd period - Shot Misses the Net.
10:55 of 2nd period - Snap shot by Zack Hamill.
10:55 of 2nd period - Shot Misses the Net.
10:57 of 2nd period - Snap shot by Peter Harrold.
10:57 of 2nd period - Shot Blocked by Chris Butler.
11:15 of 2nd period - Snap shot by Manny Malhotra.
11:15 of 2nd period - Goal by Manny Malhotra - Carnivores : 1 - Blackdemons : 0.
11:16 of 2nd period - Enver Lisin wins face-off versus Mikael Backlund in neutral zone.
12:02 of 2nd period - Wrist shot by Alexei Zhitnik.
12:02 of 2nd period - Shot Misses the Net.
12:04 of 2nd period - Snap shot by Chris Lawrence.
12:04 of 2nd period - Goal by Chris Lawrence - Carnivores : 2 - Blackdemons : 0.
12:05 of 2nd period - Mikael Backlund wins face-off versus Michael Peca in neutral zone.
12:10 of 2nd period - Slapshot by Bobby Sanguinetti.
12:10 of 2nd period - Stopped by Michal Neuvirth with a rebound.
12:53 of 2nd period - Wrist shot by Curtis Glencross.
12:53 of 2nd period - Shot Misses the Net.
12:55 of 2nd period - Wrist shot by Curtis Glencross.
12:55 of 2nd period - Shot Misses the Net.
13:03 of 2nd period - Wrist shot by Curtis Glencross.
13:03 of 2nd period - Shot Misses the Net.
13:13 of 2nd period - Wrist shot by Tomas Kopecky.
13:13 of 2nd period - Shot Misses the Net.
13:15 of 2nd period - Wrist shot by Michael Peca.
13:15 of 2nd period - Stopped by Steve Mason with a rebound.
13:17 of 2nd period - Slapshot by Nathan Paetsch.
13:17 of 2nd period - Deflect By Jeff Friesen.
13:17 of 2nd period - Stopped by Steve Mason with a rebound.
13:21 of 2nd period - Wrist shot by Michael Peca.
13:21 of 2nd period - Stopped by Steve Mason without a rebound.
13:22 of 2nd period - Manny Malhotra wins face-off versus Zack Hamill in Carnivores zone.
13:47 of 2nd period - Barry Tallackson is hit by Chris Lawrence and loses puck.
13:56 of 2nd period - Slapshot by Alexei Zhitnik.
13:56 of 2nd period - Stopped by Michal Neuvirth with a rebound.
13:58 of 2nd period - Slapshot by Alexei Zhitnik.
13:58 of 2nd period - Stopped by Michal Neuvirth with a rebound.
14:10 of 2nd period - Snap shot by Marc-André Cliche.
14:10 of 2nd period - Shot Blocked by Chris Butler.
14:34 of 2nd period - Evgeny Dadonov is hit by Todd Fedoruk and loses puck.
14:56 of 2nd period - Icing by Phil Oreskovic.
14:57 of 2nd period - Marc-André Cliche wins face-off versus Cal O'Reilly in Carnivores zone.
14:58 of 2nd period - Snap shot by Steve Konowalchuk.
14:58 of 2nd period - Shot Misses the Net.
15:00 of 2nd period - Slapshot by Ladislav Smid.
15:00 of 2nd period - Stopped by Steve Mason with a rebound.
15:02 of 2nd period - Wrist shot by Enver Lisin.
15:02 of 2nd period - Shot Misses the Net.
15:04 of 2nd period - Wrist shot by Nathan Paetsch.
15:04 of 2nd period - Stopped by Steve Mason with a rebound.
15:06 of 2nd period - Slapshot by Todd Fedoruk.
15:06 of 2nd period - Goal by Todd Fedoruk - Carnivores : 2 - Blackdemons : 1.
15:07 of 2nd period - Mikael Backlund wins face-off versus Michael Peca in neutral zone.
15:14 of 2nd period - Wrist shot by Michael Peca.
15:14 of 2nd period - Shot Blocked by Andy Miele.
15:16 of 2nd period - Wrist shot by Curtis Glencross.
15:16 of 2nd period - Stopped by Steve Mason with a rebound.
15:18 of 2nd period - Slapshot by Nathan Paetsch.
15:18 of 2nd period - Stopped by Steve Mason with a rebound.
15:20 of 2nd period - Slapshot by Tomas Kopecky.
15:20 of 2nd period - Shot Blocked by Mikael Backlund.
15:57 of 2nd period - Snap shot by Barry Tallackson.
15:57 of 2nd period - Shot Misses the Net.
15:59 of 2nd period - Snap shot by Mathieu Biron.
15:59 of 2nd period - Shot Misses the Net.
16:01 of 2nd period - Wrist shot by Barry Tallackson.
16:01 of 2nd period - Shot Misses the Net.
16:53 of 2nd period - Minor Penalty to Mikael Backlund for Roughing.
16:54 of 2nd period - Jeff Friesen wins face-off versus Michael Peca in Carnivores zone.
17:05 of 2nd period - Slapshot by Ladislav Smid.
17:05 of 2nd period - Stopped by Steve Mason without a rebound.
17:06 of 2nd period - Michael Peca wins face-off versus Manny Malhotra in Carnivores zone.
17:40 of 2nd period - Wrist shot by Jeff Friesen.
17:40 of 2nd period - Goal by Jeff Friesen - Carnivores : 3 - Blackdemons : 1.
17:41 of 2nd period - Jeff Friesen wins face-off versus Michael Peca in neutral zone.
18:02 of 2nd period - Phil Oreskovic is hit by Curtis Glencross and loses puck.
18:53 of 2nd period - Penalty to Mikael Backlund is over, Mikael Backlund is back on ice.
19:28 of 2nd period - Wrist shot by David Van Der Gulik.
19:28 of 2nd period - Stopped by Michal Neuvirth without a rebound.
19:29 of 2nd period - Michael Peca wins face-off versus David Van Der Gulik in Blackdemons zone.
19:29 of 2nd period - Michael Peca is hit by Chris Lawrence.
3rd period
0:01 of 3rd period - Michael Peca wins face-off versus Mikael Backlund in neutral zone.
0:04 of 3rd period - Wrist shot by Tomas Kopecky.
0:04 of 3rd period - Stopped by Steve Mason with a rebound.
0:33 of 3rd period - Slapshot by Alexei Zhitnik.
0:33 of 3rd period - Shot Blocked by Zack Hamill.
0:35 of 3rd period - Slapshot by Keith Aulie.
0:35 of 3rd period - Deflect By Blake Geoffrion.
0:35 of 3rd period - Goal by Blake Geoffrion - Carnivores : 4 - Blackdemons : 1.
0:35 of 3rd period - Manny Fernandez enters game.
0:36 of 3rd period - Michael Peca wins face-off versus Mikael Backlund in neutral zone.
0:47 of 3rd period - Wrist shot by Jeff Friesen.
0:47 of 3rd period - Shot Misses the Net.
0:49 of 3rd period - Slapshot by Alexei Zhitnik.
0:49 of 3rd period - Stopped by Manny Fernandez without a rebound.
0:50 of 3rd period - Mikael Backlund wins face-off versus Michael Peca in Blackdemons zone.
1:01 of 3rd period - Snap shot by Andy Miele.
1:01 of 3rd period - Stopped by Manny Fernandez without a rebound.
1:02 of 3rd period - Mikael Backlund wins face-off versus Michael Peca in Blackdemons zone.
1:45 of 3rd period - Andrew Ference is hit by Ladislav Smid and loses puck.
2:13 of 3rd period - Snap shot by Michael Peca.
2:13 of 3rd period - Shot Misses the Net.
2:15 of 3rd period - Snap shot by Curtis Glencross.
2:15 of 3rd period - Shot Misses the Net.
2:17 of 3rd period - Wrist shot by Curtis Glencross.
2:17 of 3rd period - Deflect By Cal O'Reilly.
2:17 of 3rd period - Stopped by Steve Mason with a rebound.
2:19 of 3rd period - Wrist shot by Tomas Kopecky.
2:19 of 3rd period - Deflect By Curtis Glencross.
2:19 of 3rd period - Stopped by Steve Mason with a rebound.
2:25 of 3rd period - Snap shot by Michael Peca.
2:25 of 3rd period - Shot Misses the Net.
2:27 of 3rd period - Slapshot by Ladislav Smid.
2:27 of 3rd period - Deflect By Tomas Kopecky.
2:27 of 3rd period - Shot Misses the Net.
2:27 of 3rd period - Puck is out of play.
2:28 of 3rd period - Mikael Backlund wins face-off versus Zack Hamill in Carnivores zone.
2:28 of 3rd period - Mikael Backlund is hit by Matt Hunwick.
2:34 of 3rd period - Slapshot by Alexei Zhitnik.
2:34 of 3rd period - Shot Misses the Net.
3:08 of 3rd period - Matt Hunwick is hit by Mikael Backlund and loses puck.
3:15 of 3rd period - Steve Konowalchuk is hit by Alexei Zhitnik and loses puck.
3:55 of 3rd period - Minor Penalty to Trevor Letowski for Hooking.
3:56 of 3rd period - Manny Malhotra wins face-off versus Michael Peca in Blackdemons zone.
4:13 of 3rd period - Ladislav Smid is hit by Andrew Ference and loses puck.
5:25 of 3rd period - Icing by Bobby Sanguinetti.
5:26 of 3rd period - David Van Der Gulik wins face-off versus Tomas Kopecky in Carnivores zone.
5:36 of 3rd period - Slapshot by Alexei Zhitnik.
5:36 of 3rd period - Stopped by Manny Fernandez without a rebound.
5:37 of 3rd period - Michael Peca wins face-off versus Mikael Backlund in Blackdemons zone.
5:55 of 3rd period - Penalty to Trevor Letowski is over, Trevor Letowski is back on ice.
6:27 of 3rd period - Wrist shot by Evgeny Dadonov.
6:27 of 3rd period - Deflect By Jeremy Welsh.
6:27 of 3rd period - Shot Misses the Net.
6:27 of 3rd period - Puck is out of play.
6:28 of 3rd period - Kyle Wilson wins face-off versus Sam Gagner in Blackdemons zone.
6:41 of 3rd period - Slapshot by Alexei Zhitnik.
6:41 of 3rd period - Deflect By Kyle Wilson.
6:41 of 3rd period - Shot Misses the Net.
6:41 of 3rd period - Puck is out of play.
6:42 of 3rd period - Michael Peca wins face-off versus Mikael Backlund in Blackdemons zone.
7:14 of 3rd period - Double Minor Penalty to Enver Lisin for Roughing.
7:15 of 3rd period - Andy Miele wins face-off versus Michael Peca in Blackdemons zone.
7:27 of 3rd period - Wrist shot by Blake Geoffrion.
7:27 of 3rd period - Shot Misses the Net.
7:29 of 3rd period - Slapshot by Keith Aulie.
7:29 of 3rd period - Shot Blocked by Michael Peca.
7:51 of 3rd period - Slapshot by Evgeny Dadonov.
7:51 of 3rd period - Stopped by Manny Fernandez with a rebound.
8:37 of 3rd period - Minor Penalty to Jeff Friesen for Tripping.
8:38 of 3rd period - Michael Peca wins face-off versus Manny Malhotra in Carnivores zone.
9:01 of 3rd period - Wrist shot by Mikael Backlund.
9:01 of 3rd period - Shot Blocked by Matt Hunwick.
10:15 of 3rd period - Curtis Glencross is hit by Manny Malhotra and loses puck.
10:37 of 3rd period - Penalty to Jeff Friesen is over, Jeff Friesen is back on ice.
11:12 of 3rd period - Bobby Sanguinetti is hit by Todd Fedoruk and loses puck.
11:14 of 3rd period - Penalty to Enver Lisin is over, Enver Lisin is back on ice.
11:25 of 3rd period - Tomas Kopecky is hit by Andrew Ference and loses puck.
11:42 of 3rd period - Slapshot by Todd Fedoruk.
11:42 of 3rd period - Stopped by Steve Mason without a rebound.
11:43 of 3rd period - Sam Gagner wins face-off versus Cal O'Reilly in Carnivores zone.
11:44 of 3rd period - Snap shot by James Neal.
11:44 of 3rd period - Stopped by Steve Mason with a rebound.
12:00 of 3rd period - Chris Butler is hit by Matt Hunwick and loses puck.
12:04 of 3rd period - Minor Penalty to Chris Lawrence for Hooking.
12:05 of 3rd period - Jeff Friesen wins face-off versus Michael Peca in Carnivores zone.
12:05 of 3rd period - Jeff Friesen is hit by Nathan Paetsch.
12:22 of 3rd period - Icing by Ladislav Smid.
12:23 of 3rd period - Michael Peca wins face-off versus Jeff Friesen in Blackdemons zone.
12:40 of 3rd period - Slapshot by Ladislav Smid.
12:40 of 3rd period - Stopped by Steve Mason with a rebound.
12:42 of 3rd period - Slapshot by Ladislav Smid.
12:42 of 3rd period - Shot Misses the Net.
12:44 of 3rd period - Slapshot by Nathan Paetsch.
12:44 of 3rd period - Stopped by Steve Mason without a rebound.
12:45 of 3rd period - Jeff Friesen wins face-off versus Zack Hamill in Carnivores zone.
12:45 of 3rd period - Jeff Friesen is hit by Zack Hamill.
13:17 of 3rd period - Wrist shot by Michael Peca.
13:17 of 3rd period - Shot Misses the Net.
14:04 of 3rd period - Penalty to Chris Lawrence is over, Chris Lawrence is back on ice.
15:19 of 3rd period - Ladislav Smid is hit by Alexei Zhitnik and loses puck.
16:14 of 3rd period - Wrist shot by Michael Peca.
16:14 of 3rd period - Stopped by Steve Mason without a rebound.
16:15 of 3rd period - Cal O'Reilly wins face-off versus Michael Peca in Carnivores zone.
16:40 of 3rd period - Todd Fedoruk is hit by Chris Butler and loses puck.
17:47 of 3rd period - Wrist shot by Michael Peca.
17:47 of 3rd period - Stopped by Steve Mason with a rebound.
17:49 of 3rd period - Snap shot by Michael Peca.
17:49 of 3rd period - Stopped by Steve Mason with a rebound.
17:51 of 3rd period - Wrist shot by Michael Peca.
17:51 of 3rd period - Shot Blocked by Keith Aulie.
17:53 of 3rd period - Wrist shot by Michael Peca.
17:53 of 3rd period - Shot Misses the Net.
17:55 of 3rd period - Slapshot by Matt Hunwick.
17:55 of 3rd period - Deflect By David Van Der Gulik.
17:55 of 3rd period - Stopped by Steve Mason without a rebound.
17:56 of 3rd period - Michael Peca wins face-off versus Mikael Backlund in Carnivores zone.
18:11 of 3rd period - Wrist shot by Andy Miele.
18:11 of 3rd period - Shot Misses the Net.
18:21 of 3rd period - Zack Hamill is hit by Alexei Zhitnik and loses puck.
18:25 of 3rd period - Minor Penalty to Zack Hamill for Tripping.
18:26 of 3rd period - Michael Peca wins face-off versus Mikael Backlund in Blackdemons zone.
18:37 of 3rd period - Snap shot by Andy Miele.
18:37 of 3rd period - Stopped by Manny Fernandez with a rebound.
18:39 of 3rd period - Slapshot by Blake Geoffrion.
18:39 of 3rd period - Stopped by Manny Fernandez with a rebound.
18:41 of 3rd period - Snap shot by Blake Geoffrion.
18:41 of 3rd period - Stopped by Manny Fernandez without a rebound.
18:42 of 3rd period - Michael Peca wins face-off versus Mikael Backlund in Blackdemons zone.
19:56 of 3rd period - Minor Penalty to Matt Hunwick for Interference.
19:56 of 3rd period - Minor Penalty to Andy Miele for Tripping.
19:57 of 3rd period - Michael Peca wins face-off versus Mikael Backlund in neutral zone.
Output by the SimonT Hockey Simulator (STHS) for François Prévost -- Original Page W3C XHTML 1.0 Valid